 Dungeon Crawl Stone Soup version 0.29.1-4-g47bece8355 (webtiles) character file.

Game seed: 1089258038566197601

191 concernfroge the Trooper (level 5, -3/45 HPs)
             Began as a Mummy Monk on Dec 4, 2022.
             Was a Believer of Okawaru.
             Slain by Crazy Yiuf
             ... wielding a +2 quarterstaff of chaos
              (5 damage)
             ... on level 3 of the Dungeon.
             The game lasted 00:05:16 (3313 turns).

concernfroge the Trooper (Mummy Monk)               Turns: 3313, Time: 00:05:16

Health: -3/45      AC:  9    Str: 16    XL:     5   Next: 42%
Magic:  6/6        EV: 10    Int: 16    God:    Okawaru [**....]
Gold:   145        SH:  0    Dex: 14    Spells: 4/4 levels left

rFire   x . .      SeeInvis .   j - +0 trident
rCold   + . .      Faith    .   (no shield)
rNeg    + + +      Spirit   .   d - +0 scale mail
rPois   ∞          Reflect  .   k - +0 helmet
rElec   .          Harm     .   m - +0 cloak
rCorr   .          Rampage  .   i - +0 pair of gloves {Stlth+}
Will    .....                   (no boots)
Stlth   +.........              (no amulet)
HPRegen 0.15/turn               g - +6 ring of intelligence
MPRegen 0.10/turn               (no ring)

@: no status effects
A: cold resistance 1, negative energy resistance 3, torment resistance 2, heat
vulnerability 1, in touch with death 1, no potions
a: Renounce Religion, Heroism


You were on level 3 of the Dungeon.
You worshipped Okawaru.
Okawaru was pleased with you.
You visited 1 branch of the dungeon, and saw 3 of its levels.

You collected 145 gold pieces.

Inventory:

Hand Weapons
 j - a +0 trident (weapon)
Armour
 d - a +0 scale mail (worn)
 i - a +0 pair of gloves of stealth (worn)
 k - a +0 helmet (worn)
 m - a +0 cloak (worn)
Jewellery
 g - a +6 ring of intelligence (left hand)
Wands
 n - a wand of light (6)
Scrolls
 a - a scroll of enchant armour {unknown}
 b - a scroll of vulnerability {unknown}
 c - 2 scrolls of identify {unknown}
 e - 2 scrolls of teleportation
 f - a scroll of fear {unknown}
 h - a scroll of immolation {unknown}
 l - a scroll of amnesia {unknown}


   Skills:
 + Level 5.6 Fighting
 - Level 2.4 Polearms
 - Level 2.4 Dodging
 - Level 1.5 Stealth
 + Level 2.1 Invocations


You had 4 spell levels left.
You didn't know any spells.
Your spell library contained the following spells:

 Spells                   Type           Power      Damage    Failure   Level
 Ozocubu's Armour         Ice            0%         N/A       96%         3
 Irradiate                Conj/Tmut      0%         3d11      100%        5
 Ozocubu's Refrigeration  Ice            0%         4d7       100%        7
 Blade Hands              Tmut           Unusable   N/A       N/A         5
 Dragon Form              Tmut           Unusable   N/A       N/A         7

Dungeon Overview and Level Annotations

Branches:
Dungeon (3/15)

Altars:
Fedhas
Okawaru

Annotations:
D:3 Crazy Yiuf


Innate Abilities, Weirdness & Mutations

You are immune to poison.
Your flesh is cold resistant. (rC+)
You are immune to negative energy. (rN+++)
You are immune to unholy pain and torment.
You are vulnerable to heat. (rF-)
You are in touch with the powers of death.
You do not drink.


Message History

Crazy Yiuf resists with significant effort.
Crazy Yiuf barely misses you.
Aiming: Polymorph
Press: ? - help, Shift-Dir - straight line, f/p - Crazy Yiuf
Aim: Crazy Yiuf, wielding a +2 quarterstaff of chaos and wearing a +0 cloak (will become a giant cockroach, a river rat, or an iguana, chance to affect: 57%) Crazy Yiuf resists with significant effort.
Crazy Yiuf hits you with a +2 quarterstaff of chaos.
Crazy Yiuf burns you.
Aiming: Polymorph
Press: ? - help, Shift-Dir - straight line, f/p - Crazy Yiuf
Aim: Crazy Yiuf, wielding a +2 quarterstaff of chaos and wearing a +0 cloak (will become a giant cockroach, a river rat, or an iguana, chance to affect: 57%) Crazy Yiuf resists with significant effort.
The now-empty wand crumbles to dust.
Crazy Yiuf barely misses you.
Aiming: Bolt of Light
Press: ? - help, Shift-Dir - straight line, f/p - Crazy Yiuf
Aim: Crazy Yiuf, wielding a +2 quarterstaff of chaos and wearing a +0 cloak (75% to hit)
The bolt of light hits Crazy Yiuf!
Crazy Yiuf is severely wounded.
Crazy Yiuf is blinded.
Crazy Yiuf whimpers, "Orb chair shrimp!"
Crazy Yiuf hits you with a +2 quarterstaff of chaos.
You strike the helpless Crazy Yiuf from behind!
You hit Crazy Yiuf but do no damage.
Crazy Yiuf is severely wounded.
Crazy Yiuf barely misses you.
You barely miss Crazy Yiuf.
Crazy Yiuf is severely wounded.
Crazy Yiuf hits you with a +2 quarterstaff of chaos!
You convulse!
* * * LOW HITPOINT WARNING * * *
You hit Crazy Yiuf.
Crazy Yiuf is severely wounded.
Crazy Yiuf hits you but does no damage.
You are electrocuted!
* * * LOW HITPOINT WARNING * * *
Crazy Yiuf says, "Whippet!"
Crazy Yiuf closely misses you.
You barely miss Crazy Yiuf.
Crazy Yiuf is severely wounded.
Crazy Yiuf hits you with a +2 quarterstaff of chaos.
You die...

####### ##....~## #.....~.#
########### ### #...~~..#
#.........## ###..)# ###.~.~.#
#.###.....P####g'...# #....~~.#
#.# ##...PP.#.@##...# ##......#
#.# ##....#.### ### ###...## #.#
######## ###.## ###.###### ###
#... .........######## ###
###.####.##
###.##..........###.###..........
#.........#.####..........)....
####.######.# ##.####....)###.
#.# #.# #.# #.###.# #.


You could see Crazy Yiuf (blind).

Vanquished Creatures
  Natasha (thrice) (D:3)
  An iguana (D:3)
  Robin (D:3)
  4 worms
  A dart slug (D:2)
  2 orcs (D:3)
  6 endoplasms
  2 giant cockroaches (D:2)
  9 goblins
  5 hobgoblins
  4 jackals (D:1)
  7 kobolds
  2 quokkas
  5 ball pythons
  7 bats
  6 frilled lizards
  2 rats
67 creatures vanquished.

Notes
Turn   | Place    | Note
-------+----------+-------------------------------------------
     0 | D:1      | concernfroge the Mummy Monk began the quest for the Orb.
     0 | D:1      | Reached XP level 1. HP: 18/18 MP: 1/1
   241 | D:1      | Reached XP level 2. HP: 3/24 MP: 2/2
   863 | D:1      | Reached skill level 4 in Fighting
   931 | D:1      | Found a faded altar of an unknown god.
  1272 | D:2      | Gained mutation: You are in touch with the powers of death.
                  | [Mummy growth]
  1272 | D:2      | Reached XP level 3. HP: 24/30 MP: 3/3
  1520 | D:2      | Found a blossoming altar of Fedhas.
  2154 | D:3      | Noticed Robin
  2182 | D:3      | Found an iron altar of Okawaru.
  2196 | D:3      | Became a worshipper of Warmaster Okawaru
  2196 | D:3      | Reached * piety under Okawaru
  2196 | D:3      | Reached ** piety under Okawaru
  2213 | D:3      | Killed Robin
  2214 | D:3      | Reached skill level 5 in Fighting
  2214 | D:3      | Reached XP level 4. HP: 26/39 MP: 1/4
  2577 | D:3      | Reached skill level 1 in Invocations
  2694 | D:3      | Noticed Natasha
  2717 | D:3      | Killed Natasha
  2718 | D:3      | Reached XP level 5. HP: 22/44 MP: 4/6
  2889 | D:3      | Noticed Natasha
  2899 | D:3      | Killed Natasha
  3113 | D:3      | Noticed Natasha
  3154 | D:3      | Killed Natasha
  3298 | D:3      | Found a runed translucent door.
  3299 | D:3      | Noticed Crazy Yiuf
  3311 | D:3      | HP: 2/45 [Crazy Yiuf/+2 quarterstaff of chaos (8)]
  3313 | D:3      | Slain by Crazy Yiuf

Illustrated notes

Levels and vault maps discovered:
D:1:      ebering_trefoil_twist, layout_basic, dreamdust_ecumenical_altar_grove,
          st_stairs_2, minivault_23
D:2:      layout_basic, basic_altar
D:3:      layout_loops_ring, mainiacjoe_overflow_catwalk,
          chequers_serial_rivers_micro_c, uniq_ijyb, uniq_natasha,
          uniq_crazy_yiuf_cottage, uniq_robin

Skill      XL: |  1  2  3  4  5 |
---------------+----------------+-----
Fighting       | 4 5 |  5.6
Invocations    | 1 2 |  2.1
Polearms       | |  2.4
Dodging        | |  2.4
Stealth        | |  1.5

Action                   |  1- 3 |  4- 6 || total
-------------------------+-------+-------++-------
Melee: Spear             |   233 |       ||   233
       Punch             |     4 |       ||     4
       Trident           |       |    76 ||    76
Invok: Heroism           |     1 |       ||     1
Evoke: Wand              |       |     7 ||     7
  Use: Scroll            |       |     1 ||     1
 Stab: Invisible         |       |     1 ||     1
       Sleeping          |       |     1 ||     1
Armor: Scale mail        |    86 |    18 ||   104
Dodge: Dodged            |   105 |    29 ||   134
